[Event "Late-Titled-Tuesday-Blitz-May-14-2024"]
[Site "Chess.com"]
[Date "2024.05.14"]
[Round "2"]
[White "zsizsi99"]
[Black "mfschulz"]
[Result "1-0"]
[WhiteElo "2526"]
[BlackElo "2305"]
[TimeControl "180+1"]
[EndTime "14:18:26 PDT"]
[Termination "zsizsi99 won by checkmate"]

1. e4 g6 2. d4 Bg7 3. Nc3 c5 4. Be3 cxd4 5. Bxd4 Nf6 6. e5 Nh5 7. e6 fxe6 8. g4 Nc6 9. Bxg7 Nxg7 10. Qd2 O-O 11.
O-O-O Qb6 12. f3 d5 13. h4 Ne5 14. h5 Nxf3 15. Nxf3 Rxf3 16. hxg6 Qe3 17. gxh7+ Kh8 18.
Qxe3 Rxe3 19. Bd3 d4 20. Ne4 e5 21. Ng5 Be6 22. Nxe6 Nxe6 23. Rde1 Nf4 24. Rxe3 dxe3 25. Re1 e2 26. Bxe2 Kxh7 27. Bf3 Ng6 28. Bxb7 Rb8 29. Be4 Rb4 30. Bxg6+ Kxg6 31. Rxe5 Kf6 32. Ra5 Rxg4 33.
Rxa7 e5 34. a4 e4 35. a5 Kf5 36. a6 e3 37. Kd1 Ke4 38. Re7+ Kf3 39. Rf7+ Ke4 40. a7 Rg1+ 41. Ke2 Rg2+ 42. Kf1 Rxc2 43. a8=Q+ Kd3 44. Qd5# 1-0

[Event "Late-Titled-Tuesday-Blitz-May-14-2024"]
[Site "Chess.com"]
[Date "2024.05.14"]
[Round "2"]
[White "Casablanca"]
[Black "ChristopherYoo"]
[Result "0-1"]
[WhiteElo "2653"]
[BlackElo "3003"]
[TimeControl "180+1"]
[EndTime "14:18:27 PDT"]
[Termination "ChristopherYoo won by resignation"]

1. d4 Nf6 2. Bg5 Ne4 3. Bf4 c5 4. f3 Nf6 5. dxc5 e6 6. Bd6 Bxd6 7. cxd6 Qb6 8. b3 Nc6 9. e4 O-O 10. Nd2 Ne5 11. Nc4 Nxc4 12. Bxc4 Ne8 13. Ne2 Nxd6 14. Bd3 f5 15. exf5 Nxf5 16. Bxf5 Rxf5 17. Qd4 Qc7 18. c4 d5 19. Rc1 Qa5+ 20. Qd2 Qxd2+ 21. Kxd2 b6 22.
cxd5 Rxd5+ 23. Ke3 Ba6 24. Nf4 Re5+ 25. Kd4 Ra5 26. Nxe6 Rxa2 27. Ra1 Rxa1 28. Rxa1 Bb7 29. Ke5 a5 30. Rc1 Re8 31. Kd6 Bc8 32. Ng5 Bf5 33. g4 Bg6 34. f4 h6 35. Ne6 Bf7 36. f5 b5 37. Ra1 Ra8 38. Nc7 Rd8+ 39. Ke7 Rd2 40.
Rxa5 Bxb3 41. Rxb5 Re2+ 42. Ne6 Bc4 43. Rb8+ Kh7 44.
Kf7 Re4 45. h3 Re3 46. Rg8 Bxe6+ 47. fxe6 Rf3+ 48. Ke8 Kxg8 49. e7 Re3 50. h4 g5 51.
h5 Kg7 52. Kd8 Kf7 53. Kc8 Rxe7 0-1

[Event "Late-Titled-Tuesday-Blitz-May-14-2024"]
[Site "Chess.com"]
[Date "2024.05.14"]
[Round "2"]
[White "kylelancman"]
[Black "Nor1lsk"]
[Result "0-1"]
[WhiteElo "2552"]
[BlackElo "2788"]
[TimeControl "180+1"]
[EndTime "14:18:27 PDT"]
[Termination "Nor1lsk won on time"]

1. e4 c5 2. Nf3 e6 3. c3 Nf6 4. e5 Nd5 5. d4 cxd4 6. cxd4 b6 7.
Bd2 Ba6 8. h4 Bxf1 9. Kxf1 Nc6 10. h5 h6 11. Rh3 d6 12. Nc3 dxe5 13. dxe5 Nxc3 14. Bxc3 Qxd1+ 15. Rxd1 Rd8 16. Rxd8+ Kxd8 17. Nd4 Ne7 18. Nb5 Nc6 19. Rd3+ Kc8 20. f4 Bc5 21.
Ke2 a6 22. Nd6+ Bxd6 23. Rxd6 Kc7 24. Kf3 Ne7 25. g4 Rg8 26. Bd4 Nc8 27. Ke4 Nxd6+ 28.
exd6+ Kc6 29. g5 b5 30. Be5 f6 31. gxf6 gxf6 32. Bxf6 Kxd6 33. Be5+ Kd7 34. Kd4 Rg4 35.
Kc5 Rh4 36. Kb6 Rxh5 37. Kxa6 Kc6 38. Bb8 Rh2 39. f5 Rxb2 40. a4 bxa4 41. fxe6 Rxb8 0-1

[Event "Late-Titled-Tuesday-Blitz-May-14-2024"]
[Site "Chess.com"]
[Date "2024.05.14"]
[Round "2"]
[White "JM05C"]
[Black "besarquis"]
[Result "0-1"]
[WhiteElo "2507"]
[BlackElo "2321"]
[TimeControl "180+1"]
[EndTime "14:18:27 PDT"]
[Termination "besarquis won by resignation"]

1. e4 e5 2. Nf3 Nc6 3. Bc4 Bc5 4. O-O Nf6 5. d3 d6 6. c3 a6 7. a4 Ba7 8. Nbd2 Ne7 9. Re1 Ng6 10. Nf1 O-O 11. Ng3 c6 12. Bb3 h6 13. h3 Re8 14.
Be3 d5 15. Bxa7 Rxa7 16. Qc2 Ra8 17. Rad1 Be6 18. exd5 Bxd5 19. Nd2 Nf4 20. Nde4 Nh7 21. d4 Qc7 22. c4 Bxe4 23. Rxe4 exd4 24. Rdxd4 Ne6 25. Rd1 Nc5 26. Red4 Red8 27. Ba2 Rxd4 28. Rxd4 Rd8 29. Bb1 Nf6 30. Rxd8+ Qxd8 31. b4 Ne6 32. Nf5 Nd4 33. Qd3 Ne6 34. Nd6 Qb6 35. b5 cxb5 36. cxb5 Nc5 37. Qd4 Nxa4 38. Nxf7 Qxd4 0-1

[Event "Late-Titled-Tuesday-Blitz-May-14-2024"]
[Site "Chess.com"]
[Date "2024.05.14"]
[Round "2"]
[White "amylazy"]
[Black "lilylg"]
[Result "1-0"]
[WhiteElo "2479"]
[BlackElo "2203"]
[TimeControl "180+1"]
[EndTime "14:18:27 PDT"]
[Termination "amylazy won on time"]

1. d4 d5 2. c4 e6 3. Nf3 c6 4.
Qc2 f5 5. Bf4 Nf6 6. e3 Bd6 7.
Ne5 O-O 8. h3 Qe7 9. Nd2 Nbd7 10. Nxd7 Bxd7 11. Bxd6 Qxd6 12. f4 Be8 13. c5 Qc7 14.
Be2 Bg6 15. O-O Bh5 16. Bxh5 Nxh5 17. b4 Ng3 18. Rf3 Ne4 19. Nb3 h6 20. a4 g5 21.
Rff1 Rf7 22. Qe2 Ng3 23. Qf3 Nxf1 24. Rxf1 Qe7 25. Qh5 Qf6 26. Rf3 Rg7 27. Rg3 gxf4 28. Rxg7+ Kxg7 29. exf4 Rg8 30. Qe2 Kh7 31. Qf2 h5 32.
Nd2 a5 33. bxa5 Ra8 34. Nf3 Rxa5 35. Ng5+ Kh6 36. Kh2 Rxa4 37. Qe3 Rxd4 38. Nf7+ Kg7 39. Ne5 Re4 40. Qg3+ Kh7 41. Qf3 Qh6 42. g3 1-0

[Event "Late-Titled-Tuesday-Blitz-May-14-2024"]
[Site "Chess.com"]
[Date "2024.05.14"]
[Round "2"]
[White "volcanoexplorer"]
[Black "Timurist"]
[Result "1/2-1/2"]
[WhiteElo "2718"]
[BlackElo "2339"]
[TimeControl "180+1"]
[EndTime "14:18:28 PDT"]
[Termination "Game drawn by repetition"]

1. e4 c5 2. Nf3 Nc6 3. d4 cxd4 4.
Nxd4 g6 5. Nc3 Bg7 6. Be3 Nf6 7. Bc4 Qa5 8. Nb3 Qb4 9. Nd2 d6 10. O-O Ng4 11. Nd5 Qa5 12. Nb3 Qd8 13. Bc1 O-O 14.
h3 Nge5 15. Be2 Be6 16. f4 Nd7 17. c4 Bxd5 18. cxd5 Qb6+ 19. Kh1 Na5 20. Nxa5 Qxa5 21. Qb3 Nc5 22. Qe3 f5 23. e5 Ne4 24. Bd3 Qxd5 25. b3 Kh8 26. Bc4 Qc5 27. Qxc5 Nxc5 28. Bb2 dxe5 29. fxe5 Rfd8 30. Rad1 Ne4 31. Rxd8+ Rxd8 32. Kh2 Rd2 33. Ba1 Rxa2 34. Rd1 Rd2 35. Rc1 h5 36.
Bf7 Ra2 37. Bd4 Rd2 38. Ba1 Ra2 39. Bd4 Kh7 40. Rc7 Rd2 41. Ba1 Ra2 42. Bd4 Rd2 43.
Ba1 Ra2 44. Bd4 1/2-1/2

[Event "Late-Titled-Tuesday-Blitz-May-14-2024"]
[Site "Chess.com"]
[Date "2024.05.14"]
[Round "2"]
[White "jefferyx"]
[Black "NateSolon"]
[Result "1-0"]
[WhiteElo "3094"]
[BlackElo "2680"]
[TimeControl "180+1"]
[EndTime "14:18:29 PDT"]
[Termination "jefferyx won by resignation"]

1. e4 c5 2. Nf3 Nf6 3. e5 Nd5 4. Nc3 e6 5. g3 Nc6 6. Bg2 d6 7. exd6 Bxd6 8. O-O O-O 9. Re1 h6 10. d4 Nxc3 11. bxc3 Qc7 12. Be3 Ne7 13. Nd2 cxd4 14. cxd4 Bd7 15. c4 Nf5 16. c5 Be7 17. Bf4 Qc8 18. Ne4 Bc6 19. Bh3 Rd8 20. Bxf5 exf5 21. Nd6 Bxd6 22. cxd6 g5 23. Qh5 gxf4 24. Qxh6 Rd7 25.
Qg5+ Kh7 26. Qxf5+ Kg8 27. Qg5+ Kh7 28. Qxf4 Qf8 29. Re5 Rxd6 30. Rae1 Rg6 31. d5 Bd7 32. Re7 Be8 33. R1e5 Kg8 34. h4 Rd8 35. h5 Rgd6 36. Qg4+ Kh8 37. Qd4 f6 38. Re1 Rxd5 39. Qxd5 Rxd5 40.
Rxe8 Kg7 41. h6+ Kf7 42. Rxf8+ Kxf8 43. Rc1 Rd7 44. Rc8+ Kf7 45. h7 1-0

[Event "Late-Titled-Tuesday-Blitz-May-14-2024"]
[Site "Chess.com"]
[Date "2024.05.14"]
[Round "2"]
[White "jbking07"]
[Black "AlexOstrovskiy"]
[Result "1-0"]
[WhiteElo "2398"]
[BlackElo "2717"]
[TimeControl "180+1"]
[EndTime "14:18:29 PDT"]
[Termination "jbking07 won by resignation"]

1. Nf3 Nf6 2. g3 b5 3. Bg2 Bb7 4. O-O c5 5. d3 e6 6. c4 bxc4 7.
dxc4 Be7 8. Nc3 O-O 9. Bf4 d5 10.
cxd5 exd5 11. Nb5 Na6 12. Rc1 Qb6 13. a4 d4 14. Ne5 Bxg2 15. Kxg2 Nd5 16. Qd2 Rac8 17. Nc4 Qb7 18. Kg1 Qd7 19. e4 Nxf4 20. Qxf4 Nb4 21. Rfd1 a6 22. Nbd6 Rc6 23. Nf5 Re6 24.
Ne5 Qc7 25. Nd3 Qxf4 26. Nxf4 Rxe4 27. Nxe7+ Rxe7 28. Rxc5 d3 29. Nxd3 Rd7 30. Rc3 Rfd8 31. Nxb4 Rxd1+ 32. Kg2 Rb1 33. Rc2 Ra1 34. b3 Rb1 35.
Rc3 a5 36. Nc6 Re8 37. Nxa5 h5 38. h4 g6 39. Nc4 Rb8 40. Nd2 Rb2 41. Rd3 Rc8 42.
Nc4 Rb1 43. a5 Rb8 44. a6 R8xb3 45. Rxb3 Rxb3 46. a7 1-0

[Event "Late-Titled-Tuesday-Blitz-May-14-2024"]
[Site "Chess.com"]
[Date "2024.05.14"]
[Round "2"]
[White "MKlose11"]
[Black "alexrustemov"]
[Result "0-1"]
[WhiteElo "2634"]
[BlackElo "2928"]
[TimeControl "180+1"]
[EndTime "14:18:32 PDT"]
[Termination "alexrustemov won by resignation"]

1. e4 e6 2. d4 d5 3. Nc3 dxe4 4. Nxe4 Bd7 5. Bd3 Bc6 6. Nf3 Nd7 7. O-O Ngf6 8. Qe2 Nxe4 9. Bxe4 Bxe4 10. Qxe4 c6 11.
Qe2 Bd6 12. c4 O-O 13. b3 Re8 14. Bb2 Qc7 15. Rfe1 Rad8 16. Rad1 h6 17. h3 Nf8 18. Nd2 Ng6 19. Ne4 Bb4 20. Rf1 Be7 21. Rfe1 Nf4 22. Qf3 Rd7 23. a3 Red8 24. Qg3 e5 25. Bc1 Rxd4 26. Rxd4 Rxd4 27. Bxf4 exf4 28. Qc3 Qd7 29. a4 Bf8 30. Qf3 f5 31. Qxf4 Rxe4 32. Rxe4 fxe4 33. Qxe4 Bc5 34. g3 a5 35. Kg2 Qe7 36.
Qf5 Bb4 37. g4 Qf7 38. Qc8+ Kh7 39. Qd8 Bc5 40. Qd3+ Qg6 41. Qe2 Qf6 42. Qe4+ g6 43.
f4 Qe7 44. Qd3 Kg7 45. h4 Qd6 46. Qe4 Qd2+ 47. Kh3 Qe3+ 48. Qxe3 Bxe3 49. Kg3 h5 50. f5 gxf5 51. gxf5 Kf6 0-1

[Event "Late-Titled-Tuesday-Blitz-May-14-2024"]
[Site "Chess.com"]
[Date "2024.05.14"]
[Round "2"]
[White "WPWPWP-2015"]
[Black "MatthewG-p4p"]
[Result "0-1"]
[WhiteElo "2419"]
[BlackElo "2831"]
[TimeControl "180+1"]
[EndTime "14:18:32 PDT"]
[Termination "MatthewG-p4p won by resignation"]

1. e4 e6 2. d4 d5 3. Nc3 Bb4 4.
a3 Bxc3+ 5. bxc3 dxe4 6. Qg4 Nf6 7. Qxg7 Rg8 8. Qh6 c5 9. Ne2 Rg6 10. Qe3 Nbd7 11. h3 b6 12. Nf4 Rg8 13. Bb5 Qc7 14. Bb2 a6 15. Be2 Bb7 16. O-O-O Rc8 17. Rd2 cxd4 18. cxd4 b5 19. Re1 Nb6 20. g4 Nfd5 21.
Nxd5 Bxd5 22. Qg3 Qxg3 23. fxg3 Ke7 24. Bf1 h5 25. Be2 hxg4 26. h4 f5 27. Bf1 Bc4 28.
Bg2 Nd5 29. Rdd1 a5 30. Kd2 Nf6 31. Ke3 Nh5 32. Kf2 Bd5 33. Rd2 b4 34. axb4 axb4 35. Ra1 Rc7 36. Ra4 Rgc8 37. c3 bxc3 38. Ba3+ Kf7 39.
Rc2 Bb3 40. Ra5 Bxc2 41. d5 exd5 42. Rxd5 Kg7 43. Ke3 Nxg3 44. Kf4 Nh5+ 45. Kxf5 Nf6 46. Rd6 e3+ 47. Kf4 e2 48. Re6 Bd3 49. Re3 c2 50.
Bc1 Re8 51. Rxe8 Nxe8 52. h5 e1=Q 53. Bb2+ Kh7 0-1

[Event "Late-Titled-Tuesday-Blitz-May-14-2024"]
[Site "Chess.com"]
[Date "2024.05.14"]
[Round "2"]
[White "GlavkonVVS"]
[Black "Durarbayli"]
[Result "0-1"]
[WhiteElo "2639"]
[BlackElo "2950"]
[TimeControl "180+1"]
[EndTime "14:18:33 PDT"]
[Termination "Durarbayli won by resignation"]

1. c4 c5 2. Nc3 Nc6 3. g3 g6 4.
Bg2 Bg7 5. Nf3 e6 6. d3 Nge7 7. a3 O-O 8. O-O d5 9. cxd5 exd5 10. Bd2 b6 11. Rc1 Bb7 12. Qa4 h6 13. b4 cxb4 14. axb4 d4 15. Na2 a6 16. Rc2 b5 17. Qb3 Qd7 18. Rfc1 Rfe8 19. h4 Nd5 20. Be1 Rac8 21. Rc5 Nb6 22. h5 g5 23. Nxg5 hxg5 24. Rxg5 Kh8 25.
Qd1 Bh6 26. Bd2 Bxg5 27. Bxg5 Qf5 28. f4 Re3 29. Kf2 Rce8 30. Rc2 Nd5 31. Bf3 Ndxb4 32. Nxb4 Nxb4 33. Bxb7 Nxc2 34. Qxc2 Rxe2+ 35. Qxe2 Rxe2+ 36. Kxe2 b4 37. Be4 Qe6 38. f5 Qa2+ 39. Kf3 b3 40. Bf6+ Kg8 41. h6 b2 42. h7+ Kxh7 43. Bxd4 b1=Q 44.
f6+ Kg8 45. Be3 Qf1+ 46. Kg4 Qae2+ 0-1

[Event "Late-Titled-Tuesday-Blitz-May-14-2024"]
[Site "Chess.com"]
[Date "2024.05.14"]
[Round "2"]
[White "Fjal"]
[Black "Pitomina"]
[Result "1-0"]
[WhiteElo "2348"]
[BlackElo "2526"]
[TimeControl "180+1"]
[EndTime "14:18:36 PDT"]
[Termination "Fjal won on time"]

1. Nf3 f5 2. g3 Nf6 3. Bg2 d6 4. O-O e5 5. d4 e4 6. Ne1 Be7 7. c4 O-O 8. Nc3 c6 9. d5 c5 10.
f3 exf3 11. exf3 Nbd7 12. Nd3 Ne5 13. Nxe5 dxe5 14. Re1 Bd6 15. b3 a6 16. a4 Bd7 17.
Bb2 Qc7 18. Qc2 Rae8 19. Re2 Re7 20. Rae1 Rfe8 21. Bh3 g6 22. Bg2 Kf7 23. Nd1 b5 24. axb5 axb5 25. Nf2 b4 26. Nd3 Bc8 27. f4 e4 28. Ne5+ Rxe5 29. fxe5 Rxe5 30. Ra1 Ng4 31. Ra8 h5 32. Ba1 Re8 33. Qa2 Re7 34. Qa4 Ne5 35.
Ra2 Nd3 36. Ra7 Bb7 37. Qa5 Qd7 38. Qb6 Qc7 39. Qxc7 Rxc7 40. R2a5 Nc1 41. Rb5 Bc8 42. Rxc7+ Bxc7 43. Rxc5 Nxb3 44. Rxc7+ Ke8 45. Rxc8+ Kd7 46.
Rb8 Nxa1 47. Rxb4 Nc2 48. Ra4 Nd4 49. c5 Nb5 50. Bf1 Nc3 51. Ra7+ Kc8 52. d6 Kb8 53. Re7 Nd5 54. Bb5 Ne3 55. d7 Kc7 56. Re8 Nd5 57. d8=Q+ 1-0

[Event "Late-Titled-Tuesday-Blitz-May-14-2024"]
[Site "Chess.com"]
[Date "2024.05.14"]
[Round "2"]
[White "FabianoCaruana"]
[Black "SRob2003"]
[Result "1/2-1/2"]
[WhiteElo "3066"]
[BlackElo "2684"]
[TimeControl "180+1"]
[EndTime "14:18:37 PDT"]
[Termination "Game drawn by repetition"]

1. g3 d5 2. Bg2 Nf6 3. d3 c5 4. Nf3 e6 5. O-O Nc6 6. Nbd2 Be7 7. e4 Qc7 8. Re1 h6 9. a4 O-O 10. e5 Nh7 11. h4 a6 12. Nf1 Rb8 13. N1h2 b5 14.
axb5 axb5 15. Ng4 Bb7 16. Bf4 Ra8 17. Qd2 Rxa1 18. Rxa1 Ra8 19. Rxa8+ Bxa8 20. c3 Qa5 21. Bxh6 gxh6 22. Qxh6 Qd8 23. Qf4 b4 24. d4 bxc3 25. bxc3 cxd4 26. cxd4 Kg7 27. Bf1 Nb4 28. Nh6 Qe8 29.
Ng4 Qd8 30. Be2 Bb7 31. Kg2 Ba6 32. Bxa6 Nxa6 33. Nh6 Qe8 34. g4 Nb4 35. g5 Nc6 36. Ng4 Nd8 37. Nf6 Qa4 38. h5 Qc2 39. Nh4 Kf8 40.
g6 Nxf6 41. exf6 Bb4 42. Qh6+ Ke8 43. g7 Qe4+ 44. f3 Qe2+ 45. Kh3 Qf1+ 46. Kg4 Qg1+ 47. Kh3 Qf1+ 48. Kg4 Qg1+ 49. Kh3 Qh1+ 50. Kg4 Qg1+ 1/2-1/2

[Event "Late-Titled-Tuesday-Blitz-May-14-2024"]
[Site "Chess.com"]
[Date "2024.05.14"]
[Round "2"]
[White "Szparu"]
[Black "alexg2003"]
[Result "1-0"]
[WhiteElo "2866"]
[BlackElo "2590"]
[TimeControl "180+1"]
[EndTime "14:18:39 PDT"]
[Termination "Szparu won on time"]

1. e4 c5 2. c3 g6 3. d4 Bg7 4.
Nf3 b6 5. Bd3 e6 6. O-O Ne7 7.
Re1 O-O 8. Nbd2 Bb7 9. Nf1 d5 10. e5 Nbc6 11. Ng3 Nf5 12. Nxf5 exf5 13. Bg5 Qd7 14. Qd2 Nd8 15. h4 h5 16. Bxd8 Qxd8 17. Ng5 Bc8 18. e6 Bxe6 19. Nxe6 fxe6 20. Rxe6 cxd4 21.
Rxg6 Qxh4 22. cxd4 Qxd4 23. Qg5 Rf7 24. Bf1 Qg4 25. Re1 Rc8 26. Bd3 Kf8 27. b3 Re8 28.
Rge6 Rc8 29. Rc6 Rb8 30. Qc1 Kg8 31. Re3 h4 32. Ree6 h3 33. Rg6 Qh4 34. Rg3 hxg2 35.
Kxg2 Rbf8 36. Rcg6 f4 37. R3g4 f3+ 38. Kg1 Qe7 39.
Qh6 Re8 40. Rxg7+ Rxg7 41. Qh7+ Kf7 42. Rxg7+ Kf6 43. Qg6+ Ke5 44. Rxe7+ Rxe7 45. Qg3+ Kd4 46. Qh4+ 1-0

[Event "Late-Titled-Tuesday-Blitz-May-14-2024"]
[Site "Chess.com"]
[Date "2024.05.14"]
[Round "2"]
[White "jup1978"]
[Black "DreamsAreFake"]
[Result "0-1"]
[WhiteElo "2485"]
[BlackElo "2762"]
[TimeControl "180+1"]
[EndTime "14:18:39 PDT"]
[Termination "DreamsAreFake won by checkmate"]

1. d4 Nf6 2. Nf3 b6 3. g3 Bb7 4. Bg2 g6 5. c4 Bg7 6. d5 b5 7. Nc3 bxc4 8. e4 d6 9. O-O O-O 10. Be3 c6 11. Rc1 cxd5 12. exd5 Nbd7 13. Nd2 Ne5 14. Qa4 Qd7 15. Qxd7 Nfxd7 16. Bd4 Rfc8 17. Rce1 Bf6 18. Nde4 Nf3+ 19. Bxf3 Bxd4 20. Rd1 Ne5 21. Be2 Bb6 22. Na4 Ba5 23. f4 Nd3 24. Bxd3 cxd3 25. Nac3 Ba6 26. Rf3 Rab8 27. Na4 Rc2 28. Rf2 Rb4 29.
Nec3 Bb6 30. Nxb6 Rxf2 31. Kxf2 Rxb2+ 32. Ke3 axb6 33. Rb1 Rxb1 34. Nxb1 Bc4 35. a3 Kg7 36. Nd2 Bxd5 37. Kxd3 Kf6 38. Nf1 Bc6 39. Ne3 h5 40. Kd4 e5+ 41. fxe5+ dxe5+ 42. Kd3 Kg5 43. Nc2 h4 44. Ke3 f5 45. Kf2 Kg4 46. Nb4 Bb7 47. gxh4 Kxh4 48. Nd3 e4 49. Ne5 g5 50. Nc4 f4 51.
Nxb6 e3+ 52. Kg1 f3 53. Nc4 f2+ 54. Kf1 Ba6 55. Kg2 Bxc4 56. a4 f1=Q# 0-1

[Event "Late-Titled-Tuesday-Blitz-May-14-2024"]
[Site "Chess.com"]
[Date "2024.05.14"]
[Round "2"]
[White "patzer-reloaded"]
[Black "Maikrosoft63"]
[Result "0-1"]
[WhiteElo "2383"]
[BlackElo "2622"]
[TimeControl "180+1"]
[EndTime "14:18:39 PDT"]
[Termination "Maikrosoft63 won on time"]

1. d3 g6 2. Nf3 Bg7 3. g3 d5 4.
Bg2 Nf6 5. O-O O-O 6. c4 d4 7. b4 c6 8. Bb2 c5 9. Nbd2 Nfd7 10. Nb3 Qc7 11. b5 e5 12. a4 a5 13. Rb1 Ra7 14. e3 b6 15. exd4 exd4 16. Bc1 Ne5 17. Bf4 Nbd7 18. Re1 Bb7 19. Rb2 Re8 20. Rbe2 f6 21. Nbd2 Raa8 22. Bxe5 Nxe5 23. Nxe5 Bxg2 24. Kxg2 fxe5 25. Ne4 Rf8 26. Qd2 Rf7 27. Qg5 Raf8 28. Qg4 Qe7 29. h4 Rf5 30. Ng5 Bh6 31. Nh3 Qb7+ 32. Qe4 Qf7 33. Qd5 Qxd5+ 34. cxd5 Bg7 35.
Ng5 Rd8 36. f4 exf4 37. Re8+ Rf8 38. Rxf8+ Bxf8 39. Ne6 Rxd5 40. Nxf4 Rd8 41. Re6 Bd6 42. Nd5 c4 43. dxc4 Bc5 44. Kf3 d3 0-1

[Event "Late-Titled-Tuesday-Blitz-May-14-2024"]
[Site "Chess.com"]
[Date "2024.05.14"]
[Round "2"]
[White "KuzubovYuriy"]
[Black "TheKnightOfBosnia"]
[Result "1-0"]
[WhiteElo "2927"]
[BlackElo "2634"]
[TimeControl "180+1"]
[EndTime "14:18:40 PDT"]
[Termination "KuzubovYuriy won by resignation"]

1. d4 Nf6 2. c4 e6 3. Nf3 Bb4+ 4. Bd2 a5 5. g3 O-O 6. Bg2 d5 7. a3 Bxd2+ 8. Nbxd2 c6 9. O-O Nbd7 10. Qc2 Qe7 11. Rfe1 e5 12. cxd5 cxd5 13. dxe5 Nxe5 14. Nxe5 Qxe5 15.
Nf3 Qe4 16. Rac1 Qxc2 17. Rxc2 Bf5 18. Rc7 Rfc8 19. Rxb7 Rcb8 20. Rxb8+ Rxb8 21. Nd4 Bg6 22. b3 Rc8 23. e3 Rc3 24. h3 Kf8 25. Ra1 Be4 26. b4 a4 27. Bf1 Bd3 28. b5 Bxf1 29. Kxf1 Nd7 30. Ke2 Nb6 31. Kd2 Rc5 32. Kd3 Ke7 33. Rb1 g6 34. Ne2 Kd6 35. Rb4 Nc4 36.
b6 Rc8 37. Nc3 Rb8 38. Nxa4 Nxa3 39. e4 dxe4+ 40. Kxe4 Nc2 41. Rb2 Na3 42. Kf4 Kc6 43.
Kg5 f5 44. Kh6 Rb7 45. Rb4 Nb5 46. Rc4+ Kd6 47. h4 Kd5 48. Rc5+ 1-0

[Event "Late-Titled-Tuesday-Blitz-May-14-2024"]
[Site "Chess.com"]
[Date "2024.05.14"]
[Round "2"]
[White "invisible_s0ul"]
[Black "ELPRIMO0O0"]
[Result "1-0"]
[WhiteElo "2363"]
[BlackElo "2530"]
[TimeControl "180+1"]
[EndTime "14:18:40 PDT"]
[Termination "invisible_s0ul won by resignation"]

1. e4 c5 2. Nf3 Nc6 3. d4 cxd4 4. Nxd4 Nf6 5. Nc3 e6 6. Ndb5 Bc5 7. Bf4 O-O 8. Bc7 Qe7 9. Bd6 Bxd6 10. Qxd6 Qd8 11.
O-O-O a6 12. Nd4 Ne7 13. h4 b5 14. f3 Bb7 15. g4 Ne8 16. Qg3 b4 17. Na4 Qa5 18.
b3 Nc6 19. Kb1 Nxd4 20. Rxd4 Bc6 21. Nb2 Qb6 22. Rd1 a5 23. Nc4 Qa7 24. g5 a4 25.
Qg1 axb3 26. Qxa7 bxc2+ 27. Kxc2 Rxa7 28. Kb2 Nc7 29. Ne5 Ba4 30. Rd4 d5 31. Rxb4 f6 32.
gxf6 gxf6 33. Ng4 Bd1 34. Rg1 Kh8 35. exd5 Nxd5 36. Re4 Rb8+ 37. Kc1 Rxa2 38. Rxe6 Nc3 39. Bd3 Rbb2 40. Nxf6 Ra1+ 41. Kxb2 Rb1+ 42. Kxc3 1-0

[Event "Late-Titled-Tuesday-Blitz-May-14-2024"]
[Site "Chess.com"]
[Date "2024.05.14"]
[Round "2"]
[White "NCchamp"]
[Black "LLRChess"]
[Result "0-1"]
[WhiteElo "2308"]
[BlackElo "2527"]
[TimeControl "180+1"]
[EndTime "14:18:41 PDT"]
[Termination "LLRChess won on time"]

1. d4 d5 2. c4 c6 3. cxd5 cxd5 4.
Nc3 Nc6 5. Nf3 e6 6. Bf4 Bd6 7. Bxd6 Qxd6 8. e3 Nge7 9. Bd3 O-O 10. O-O Bd7 11. a3 Rac8 12. Qd2 Na5 13. Qe2 Nc4 14. e4 b5 15. e5 Qb6 16. Bxh7+ Kxh7 17. Ng5+ Kh6 18. Qg4 Nf5 19. f4 Qxd4+ 20. Kh1 Rh8 21. Nxf7+ Kh7 22. Qh5+ Kg8 23. Nxh8 Be8 24. Ng6 Nxb2 25.
Ne2 Qd3 26. Ng3 Nxg3+ 27. hxg3 Bxg6 28. Qh4 Kf7 29. g4 Be4 30. f5 Rc2 31. Qh5+ Ke7 32.
f6+ gxf6 33. exf6+ Kd6 34. Qh2+ e5 35. f7 Bxg2+ 36.
Qxg2 Qh7+ 37. Kg1 Rxg2+ 38. Kxg2 Qe4+ 39. Kh3 Qe3+ 40. Kh4 Qh6+ 41. Kg3 Qf8 42. Rf6+ Ke7 43. Raf1 Nd3 44. Rg6 Nf4 0-1

[Event "Late-Titled-Tuesday-Blitz-May-14-2024"]
[Site "Chess.com"]
[Date "2024.05.14"]
[Round "2"]
[White "Mops_2004"]
[Black "slorovel"]
[Result "1-0"]
[WhiteElo "2829"]
[BlackElo "2574"]
[TimeControl "180+1"]
[EndTime "14:18:42 PDT"]
[Termination "Mops_2004 won on time"]

1. g3 g6 2. Bg2 Bg7 3. d4 d6 4. e4 Nd7 5. Nc3 Ngf6 6. Nf3 O-O 7. e5 Ne8 8. O-O dxe5 9. dxe5 c6 10. e6 fxe6 11.
Ng5 Nc7 12. Qe2 Nf6 13. Rd1 Qe8 14. Bf4 Nfd5 15. Nxd5 Nxd5 16. Bc1 e5 17. c4 Nb6 18.
b3 Bf5 19. Bb2 h6 20. Nf3 e4 21. Nh4 Bxb2 22. Qxb2 Qf7 23. Re1 Nd7 24. Bxe4 Bxe4 25. Rxe4 Nc5 26. Re3 Rad8 27. Qe2 Rd7 28. Re1 a5 29.
Rf3 Qg7 30. Rxf8+ Kxf8 31. Qe5 Qxe5 32. Rxe5 b6 33. Nxg6+ Kf7 34. Nf4 Rd1+ 35. Kg2 Rd2 36. Re2 Rd1 37. h4 e6 38. g4 Kf6 39. f3 Ra1 40. Nh5+ Kf7 41. Ng3 Nd3 42. Rd2 Nc1 43.
Rd7+ Ke8 44. Rb7 Rxa2+ 45. Kh3 Nxb3 46. g5 hxg5 47. hxg5 Nd4 48. g6 Nxf3 49. g7 Ng5+ 50. Kg4 1-0

[Event "Late-Titled-Tuesday-Blitz-May-14-2024"]
[Site "Chess.com"]
[Date "2024.05.14"]
[Round "2"]
[White "keepitcoming"]
[Black "Siemba"]
[Result "0-1"]
[WhiteElo "2217"]
[BlackElo "2494"]
[TimeControl "180+1"]
[EndTime "14:18:42 PDT"]
[Termination "Siemba won by checkmate"]

1. d4 Nf6 2. c4 g6 3. Nc3 Bg7 4. e4 d6 5. f3 O-O 6. Nge2 c5 7. d5 e6 8. Ng3 exd5 9. cxd5 h5 10. Bg5 Nbd7 11. Qd2 h4 12. Bxh4 Nxe4 13. Bxd8 Nxd2 14.
Bg5 Nxf1 15. Rxf1 Re8+ 16. Kd2 Ne5 17. b3 Bd7 18. Rae1 b5 19. Nce4 c4 20. Nxd6 cxb3 21. axb3 Red8 22. Bxd8 Rxd8 23. Nde4 Bf5 24. d6 Be6 25. Kc3 Nxf3+ 26. Kc2 Nxe1+ 27. Rxe1 a5 28. h3 a4 29. bxa4 bxa4 30. Rf1 Be5 31. Nc5 Bxg3 32.
Nxa4 Rxd6 33. Rf3 Bf5+ 34. Kc3 Be5+ 35. Kc4 Rd4+ 36. Kc3 Rxa4+ 37. Kd2 Ra2+ 38. Ke3 Bg7 39. g4 Ra3+ 40. Kf4 Rxf3+ 41. Kxf3 Be6 42. Kf4 Kh7 43. Kg5 Bh6+ 44. Kh4 Bf4 45. g5 Bd2 46. Kg3 Bxg5 47. h4 Bxh4+ 48. Kf4 Kh6 49. Kf3 Bf6 50. Kg3 g5 51.
Kf3 Kh5 52. Kg3 g4 53. Kg2 Kh4 54. Kf2 g3+ 55. Kg2 Bd5+ 56. Kg1 Bd4+ 57. Kf1 g2+ 58.
Ke2 Bc4+ 59. Kd2 g1=Q 60. Kc2 Qf2+ 61. Kc1 Be3+ 62. Kd1 Bb3# 0-1

[Event "Late-Titled-Tuesday-Blitz-May-14-2024"]
[Site "Chess.com"]
[Date "2024.05.14"]
[Round "2"]
[White "ColorsTrilogy"]
[Black "Pingah9"]
[Result "0-1"]
[WhiteElo "2330"]
[BlackElo "2539"]
[TimeControl "180+1"]
[EndTime "14:18:43 PDT"]
[Termination "Pingah9 won by resignation"]

1. e4 g6 2. d4 Bg7 3. g3 c5 4. Be3 Nc6 5. Ne2 Qb6 6. Nbc3 cxd4 7. Nd5 Qa5+ 8. b4 Qa3 9. Bc1 Qf3 10. Rg1 d3 11. cxd3 Bxa1 12. Bg2 Qh5 13. Nc7+ Kd8 14. Nxa8 Nf6 15. Bf4 Be5 16. b5 Bxf4 17. bxc6 Bd6 18. c7+ Ke8 19. Qa4 Qc5 20. d4 Qb4+ 21. Qxb4 Bxb4+ 22. Kd1 Ng4 23. Kc2 Nxf2 24. e5 f6 25. Rf1 Ng4 26. Rf3 fxe5 27. Rb3 a5 28. dxe5 Nxe5 29. a3 Bd6 30. Bxb7 Kf7 31. Bd5+ e6 32. Be4 Ba6 33. Nb6 Bxc7 34. Nd4 Bxb6 35. Rxb6 Bc4 36. Nb5 Ke7 37. Nd6 Bd5 38. Bxd5 exd5 39. Kc3 Rf8 40. Kd4 Nc6+ 41.
Kxd5 Rf2 42. Ne4 Rf1 43. Rb7 Rd1+ 44. Kc4 Rd4+ 45. Kc5 Rxe4 46. Kb6 Re3 47. Kc7 Rxa3 48. Kc8 Rd3 49. Rc7 a4 50. Rb7 a3 0-1

[Event "Late-Titled-Tuesday-Blitz-May-14-2024"]
[Site "Chess.com"]
[Date "2024.05.14"]
[Round "2"]
[White "HajiyevKanan"]
[Black "Kira170"]
[Result "0-1"]
[WhiteElo "2460"]
[BlackElo "2759"]
[TimeControl "180+1"]
[EndTime "14:18:44 PDT"]
[Termination "Kira170 won by checkmate"]

1. d4 e6 2. c4 f5 3. Nf3 Nf6 4. g3 d5 5. Bg2 Ne4 6. O-O Be7 7. Ne5 Nd7 8. f3 Nxe5 9. fxe4 Nxc4 10. exd5 exd5 11.
Nc3 c6 12. e4 dxe4 13. d5 O-O 14. dxc6 Qxd1 15. Rxd1 bxc6 16. b3 Bf6 17. bxc4 Bxc3 18. Rb1 Ba6 19. Rd6 Bxc4 20. Rxc6 Bxa2 21. Rb5 Bd4+ 22. Kh1 Rac8 23. Rxc8 Rxc8 24. Bf4 g6 25. h4 Bc4 26. Rb7 a5 27. h5 a4 28. Bd6 Be2 29.
h6 Bf3 30. Rb4 Rc1+ 31. Kh2 Bg1+ 32. Kh3 Bg4+ 33. Kh4 Be3 34. Rb8+ Kf7 35. Rb7+ Ke6 36. Bf4 Bxf4 37. gxf4 a3 38. Ra7 Rg1 39. Bxe4 fxe4 40. Rxa3 Bf3 41. Ra7 e3 42. Ra8 Kf5 43. Rf8+ Ke4 44.
Re8+ Kd3 45. f5 gxf5 46. Kh3 e2 47. Kh2 e1=Q 48. Rd8+ Kc4 49. Rc8+ Kd4 50. Rd8+ Kc5 51. Rb8 Bc6 52. Rb3 Rh1# 0-1